 Dungeon Sprint DCSS version 0.19-a0-1714-gcab94ab (webtiles) character file.

1699 Theye the Carver (level 8, -1/68 HPs)
             Began as a Demonspawn Gladiator on Sept 28, 2016.
             Was a Priest of Okawaru.
             Slain by a centaur warrior (8 damage)
             ... in the Dungeon (Sprint IX: "|||||||||||||||||||||||||||||").
             The game lasted 00:02:50 (452 turns).

Theye the Carver (Demonspawn Gladiator)              Turns: 452, Time: 00:02:51

Health: -1/68      AC: 13    Str: 16    XL:     8   Next: 73%
Magic:  14/14      EV: 16    Int: 11    God:    Okawaru [***...]
Gold:   0          SH:  0    Dex: 17    Spells: 0 memorised, 7 levels left

rFire  . . .     SeeInvis .     a - +0 long sword
rCold  . . .     Gourm    .     q - +1 scale mail
rNeg   . . .     Faith    .     (no shield)
rPois  .         Spirit   .     c - +0 helmet
rElec  .         Dismiss  .     (no cloak)
rCorr  .         Reflect  .     (no gloves)
MR     .....     Harm     .     p - +0 pair of boots
Stlth  .......... NoTele   +    (no amulet)
                                s - +3 ring of dexterity
                                r - +2 ring of evasion

@: barbed spikes, very slightly contaminated
A: talons 2, rugged brown scales 2, powered by death 1
a: Heroism, Renounce Religion


You were in the Dungeon.
You worshipped Okawaru.
Okawaru was most pleased with you.
You were not hungry.

You visited 1 branch

Inventory:

Hand Weapons
 a - a +0 long sword (weapon)
 o - a +2 scimitar of flaming
Missiles
 d - 3 throwing nets (quivered)
Armour
 b - a +0 leather armour
 c - a +0 helmet (worn)
 p - a +0 pair of boots (worn)
 q - a +1 scale mail (worn)
Jewellery
 r - a +2 ring of evasion (left hand)
 s - a +3 ring of dexterity (right hand)
Wands
 n - a wand of iceblast (4/15)
Scrolls
 k - a scroll of blinking
 l - 3 scrolls of remove curse
 m - 2 scrolls of amnesia
Potions
 e - 3 potions of curing
 h - a potion of haste
 i - 4 potions of magic
Comestibles
 f - a bread ration
 j - a mutagenic chunk of flesh


   Skills:
 + Level 6.8 Fighting
 * Level 13.2 Long Blades
 - Level 1.7 Throwing
 + Level 5.3 Armour
 + Level 7.3 Dodging
 * Level 8.2 Invocations


You had 7 spell levels left.
You didn't know any spells.

Dungeon Overview and Level Annotations

Branches:
Dungeon (1/1)

Altars:
Cheibriados
Dithmenos
Elyvilon
Fedhas
Gozag
Hepliaklqana
Kikubaaqudgha
Makhleb
Nemelex Xobeh
Okawaru
Qazlal
Ru
Sif Muna
Trog
Uskayaw
Vehumet
Xom
Yredelemnul
Zin
The Shining One
Beogh
Jiyva
Lugonu


Innate Abilities, Weirdness & Mutations

You have razor-sharp toenails.
You are mostly covered in rugged brown scales. (AC +2, +5% HP)
You regenerate a little health from kills.


Message History

The centaur warrior is heavily wounded.
The centaur warrior hits you but does no damage.
The centaur warrior barely misses you.
Unknown command.
Your scale mail prevents you from hitting the centaur warrior.
The centaur warrior is heavily wounded.
The centaur warrior hits you!
* * * LOW HITPOINT WARNING * * *
Unknown command.
You hit the centaur warrior.
The centaur warrior is heavily wounded.
The centaur warrior barely misses you.
You riposte.
You hit the centaur warrior.
The centaur warrior is severely wounded.
Unknown command.
Unknown command.
You slash the centaur warrior!
The centaur warrior is severely wounded.
The centaur warrior hits you!
You die... ▓▓▓▓▓▓▓▓▓▓▓▓▓▓▓▓▓▓ +@cTK45)(....()... ▓▓▓▓▓▓▓▓▓▓▓▓▓▓▓▓▓▓

You could see a centaur warrior, an ice devil, a kobold demonologist, a troll and a white imp.

Vanquished Creatures
  An unseen horror (D)
  A manticore (D)
  A two-headed ogre (D)
  A hungry ghost (D)
  An orc warrior (D)
  A sky beast (D)
  An ogre (D)
  A centaur (D)
  A crocodile (D)
  A crimson imp (D)
  A jelly (D)
  A leopard gecko (D)
  A giant cockroach (D)
  A goblin (D)
  2 kobolds (D)
  2 rats (D)
18 creatures vanquished.

Vanquished Creatures (others)
  A hound (D)
1 creature vanquished.

Grand Total: 19 creatures vanquished

Notes
Turn   | Place    | Note
-------+----------+-------------------------------------------
     0 | D        | Theye the Demonspawn Gladiator began the quest for the Orb.
     0 | D        | Reached XP level 1. HP: 16/16 MP: 1/1
     9 | D        | Reached skill level 3 in Long Blades
    52 | D        | Noticed a crimson imp
    52 | D        | Noticed an ogre
    52 | D        | Noticed a jelly
    58 | D        | Killed a jelly
    58 | D        | Reached skill level 5 in Long Blades
    58 | D        | Gained mutation: You regenerate a little health from kills. [demonic ancestry]
    58 | D        | Reached XP level 2. HP: 21/23 MP: 2/2
    58 | D        | Reached XP level 3. HP: 26/28 MP: 3/3
    62 | D        | Killed an ogre
    62 | D        | Reached skill level 7 in Long Blades
    62 | D        | Reached skill level 5 in Dodging
    62 | D        | Gained mutation: You are partially covered in rugged brown scales. (AC +1, +3% HP) [demonic ancestry]
    62 | D        | Reached XP level 4. HP: 27/37 MP: 4/4
    69 | D        | Reached skill level 8 in Long Blades
    69 | D        | Gained mutation: You have sharp toenails. [demonic ancestry]
    69 | D        | Reached XP level 5. HP: 31/43 MP: 5/5
   126 | D        | Found a roughly hewn altar of Beogh.
   126 | D        | Found a snail-covered altar of Cheibriados.
   126 | D        | Found a shadowy altar of Dithmenos.
   126 | D        | Found a white marble altar of Elyvilon.
   126 | D        | Found a blossoming altar of Fedhas.
   126 | D        | Found an opulent altar of Gozag.
   127 | D        | Found a hazy altar of Hepliaklqana.
   128 | D        | Found a viscous altar of Jiyva.
   129 | D        | Found an ancient bone altar of Kikubaaqudgha.
   130 | D        | Found a corrupted altar of Lugonu.
   131 | D        | Found a burning altar of Makhleb.
   132 | D        | Found a sparkling altar of Nemelex Xobeh.
   133 | D        | Found an iron altar of Okawaru.
   134 | D        | Found a stormy altar of Qazlal.
   135 | D        | Found a sacrificial altar of Ru.
   136 | D        | Found a deep blue altar of Sif Muna.
   137 | D        | Found a bloodstained altar of Trog.
   138 | D        | Found a hide-covered altar of Uskayaw.
   139 | D        | Found a radiant altar of Vehumet.
   140 | D        | Found a shimmering altar of Xom.
   141 | D        | Became a worshipper of Warmaster Okawaru
   142 | D        | Found a basalt altar of Yredelemnul.
   143 | D        | Found a glowing silver altar of Zin.
   144 | D        | Found a glowing golden altar of the Shining One.
   189 | D        | Noticed a sky beast
   189 | D        | Noticed an orc warrior
   189 | D        | Noticed a centaur
   189 | D        | Noticed a hungry ghost
   206 | D        | Killed a hungry ghost
   206 | D        | Reached * piety under Okawaru
   206 | D        | Reached skill level 9 in Long Blades
   206 | D        | Reached skill level 1 in Armour
   210 | D        | Killed a centaur
   210 | D        | Reached XP level 6. HP: 43/50 MP: 5/8
   228 | D        | Killed an orc warrior
   228 | D        | Reached skill level 10 in Long Blades
   251 | D        | HP: 2/51 [something (7)]
   260 | D        | Killed an unseen horror
   260 | D        | Reached ** piety under Okawaru
   260 | D        | Reached skill level 5 in Fighting
   260 | D        | Reached skill level 12 in Long Blades
   260 | D        | Gained mutation: You are mostly covered in rugged brown scales. (AC +2, +5% HP) [demonic ancestry]
   260 | D        | Reached XP level 7. HP: 19/59 MP: 7/12
   268 | D        | Reached *** piety under Okawaru
   268 | D        | Gained mutation: You have razor-sharp toenails. [demonic ancestry]
   268 | D        | Reached XP level 8. HP: 26/67 MP: 8/13
   413 | D        | Noticed a centaur warrior
   413 | D        | Noticed a troll
   413 | D        | Noticed a kobold demonologist
   413 | D        | Noticed a manticore
   413 | D        | Noticed a two-headed ogre
   417 | D        | Killed a two-headed ogre
   427 | D        | Killed a manticore
   427 | D        | Received a gift from Okawaru
   427 | D        | Reached skill level 13 in Long Blades
   427 | D        | Reached skill level 5 in Armour
   428 | D        | Noticed a soul eater
   433 | D        | Noticed an ice devil
   452 | D        | Slain by a centaur warrior

Vault maps used:
D:        linesprint

Skill      XL: |  1  2  3  4  5  6  7  8 |
---------------+-------------------------+-----
Long Blades    | 5 7 8 9 12 13 | 13.2
Dodging        | 4 5 6 7 |  7.3
Fighting       | 3 4 5 6 |  6.8
Armour         | 1 3 4 5 |  5.3
Invocations    | 3 6 8 |  8.2
Throwing       | |  1.7

Action                   |  1- 3 |  4- 6 |  7- 9 || total
-------------------------+-------+-------+-------++-------
Melee: Long sword        |    21 |    82 |    44 ||   147
       Punch             |       |     1 |       ||     1
Invok: Heroism           |       |     1 |     1 ||     2
Evoke: Wand              |       |       |     3 ||     3
  Use: Potion            |     1 |     3 |     3 ||     7
       Scroll            |       |       |     1 ||     1
  Eat: Chunk             |       |       |     3 ||     3
Armor: Leather armour    |     7 |     2 |       ||     9
       Scale mail        |       |    28 |    11 ||    39
Dodge: Dodged            |     7 |    31 |    29 ||    67
